 Dungeon Crawl Stone Soup version 0.30.1-3-gfc49f6343a (webtiles) character file.

Game seed: 4961292687554578772

15113 Babbit the Cleaver (level 11, -3/99 HPs)
             Began as a Minotaur Fighter on July 31, 2023.
             Was a High Priest of Okawaru.
             Collided with a stone wall (17 damage)
             ... caused by a wretched star
             ... on level 2 of the Abyss on Aug 1, 2023.
             The game lasted 01:37:20 (10850 turns).

Babbit the Cleaver (Minotaur Fighter)              Turns: 10850, Time: 01:37:21

Health: -3/99      AC: 16    Str: 25    XL:     11   Next: 97%
Magic:  15/15      EV:  6    Int:  5    God:    Okawaru [*****.]
Gold:   461        SH: 14    Dex: 10    Spells: 10/10 levels left

rFire   . . .        M - +5 broad axe (flame)
rCold   . . .        y - +4 kite shield
rNeg    + . .        G - +0 plate armour
rPois   .            (helmet restricted)
rElec   .            H - scarf {repulsion}
rCorr   .            t - +0 pair of gloves {hurl}
SInv    .            (no boots)
Will    +....        q - amulet of faith Stlth
                     n - +4 ring of slaying
HPRegen 0.36/turn    K - ring of Tuschoc {rN+ Will+}
MPRegen 0.14/turn

%: repel missiles, faith
@: about to teleport
A: horns 2, retaliatory headbutt
a: Renounce Religion, Heroism, Finesse, Duel


You were on level 2 of the Abyss.
You worshipped Okawaru.
Okawaru was extremely pleased with you.
You visited 2 branches of the dungeon, and saw 11 of its levels.
You visited the Abyss 1 time.
You also visited: Bailey.

You collected 721 gold pieces.
You spent 260 gold pieces at shops.

Inventory:

Hand Weapons
 a - a +3 war axe of freezing
 M - a +5 broad axe of flaming (weapon)
Missiles
 c - 2 atropa-tipped darts
 u - 10 javelins (quivered)
 z - 19 poisoned darts
 F - 3 throwing nets
 L - 5 silver javelins
Armour
 r - a +2 pair of gloves
 t - a +0 pair of gloves of hurling (worn)
 v - a +0 cloak
 y - a +4 kite shield (worn)
 G - a +0 plate armour (worn)
 H - a scarf of repulsion (worn)
 N - a +0 cloak of stealth
Jewellery
 b - a ring of wizardry
 l - an amulet of the acrobat
 n - a +4 ring of slaying (left hand)
 o - a ring of see invisible
 q - an amulet of faith (around neck)
 D - a +6 ring of intelligence
 K - the ring of Tuschoc (right hand) {rN+ Will+}
   (You found it on level 7 of the Dungeon)

   [ring of willpower]

   rN:        It protects you from negative energy.
   Will:      It increases your willpower.
Wands
 x - a wand of digging (8)
 A - a wand of acid (4)
 P - a wand of paralysis (1)
Scrolls
 i - 4 scrolls of identify
 j - 2 scrolls of silence
 k - a scroll of brand weapon
 m - a scroll of magic mapping
 p - a scroll of fog
 w - a scroll of amnesia {unknown}
 B - a scroll of immolation
 O - 2 scrolls of vulnerability {unknown}
 Q - a scroll of fear {unknown}
 R - a scroll of poison {unknown}
Potions
 d - a potion of might
 e - a potion of flight
 f - a potion of haste
 g - 3 potions of lignification
 h - a potion of berserk rage
 C - 3 potions of brilliance
 E - a potion of mutation
 J - a potion of ambrosia
 S - a potion of cancellation {unknown}
Miscellaneous
 I - a tin of tremorstones (2/2)


   Skills:
 + Level 10.1 Fighting
 * Level 13.5 Axes
 - Level 5.0 Throwing
 + Level 10.1 Armour
 + Level 10.2 Shields
 + Level 6.8 Invocations


You had 10 spell levels left.
You didn't know any spells.
Your spell library contained the following spells:

 Spells                   Type           Power      Damage    Failure   Level
 Foxfire                  Conj/Fire      0%         2x1d4     100%        1
 Magic Dart               Conj           0%         1d3       100%        1
 Momentum Strike          Conj/Tloc      0%         3d8       100%        2
 Searing Ray              Conj           0%         2d4       100%        2
 Fulminant Prism          Conj/Hex       0%         3d5       100%        4
 Sticky Flame             Conj/Fire      0%         2d3       100%        4


Dungeon Overview and Level Annotations

Branches:
Dungeon (10/15)            Temple (1/1) D:5            Lair (0/5) D:10
    Orc (0/2) D:10         Bailey (visited)

Altars:
Ashenzari
Cheibriados
Dithmenos
Elyvilon
Hepliaklqana
Kikubaaqudgha
Makhleb
Okawaru
Ru
Trog
Uskayaw
Vehumet
Wu Jian
Xom
Yredelemnul
Zin
The Shining One

Shops:
D:1 ?   D:4 ?   D:5 *([((   D:6 (   D:10 [

Annotations:
D:10 Erolcha


Innate Abilities, Weirdness & Mutations

You have a pair of horns on your head.
You reflexively headbutt those who attack you in melee.


Message History

A wretched star comes into view.
The wretched star moves out of view.
Unknown command.
A small abomination comes into view.
The wretched star glows turbulently.
The lance of force hits you!
You are knocked back by the lance of force.
You slam into the stone wall!
The smoke demon gestures at you. The sticky flame misses you.
As you read the scroll of teleportation, it crumbles to dust.
You feel strangely unstable.
You feel the power of the Abyss delaying your translocation!
The smoke demon gestures at you. You block the sticky flame.
You slash the smoke demon! You headbutt the smoke demon.
The smoke demon is moderately wounded.
The wretched star glows turbulently.
The lance of force is repelled.
The smoke demon gestures at you. You block the sticky flame.
You hit the smoke demon but do no damage.
The smoke demon is moderately wounded.
The smoke demon hits you but does no damage.
You block the smoke demon's attack. x2
You closely miss the smoke demon. You headbutt the smoke demon.
The smoke demon is heavily wounded.
You hit the wretched star. You hit the smoke demon.
The smoke demon is heavily wounded.
You slash the wretched star! You burn the wretched star.
The smoke demon hits you.
The smoke demon hits you but does no damage.
The smoke demon barely misses you.
The wretched star glows turbulently.
The lance of force hits you!
* * * LOW HITPOINT WARNING * * *
You are knocked back by the lance of force.
You slam into the stone wall!
You die...

#.# .. ## ..#
#.# ... ##.##..
###...#.#
....#.. .#. .
.. ##...#. ..
.. # ......#x
.. # #...#*3#
..# #..#@#
##.## #..###..
#..#
#..#.#...... #
#..# .......#.#
#.. #.#.....#
...#..###...#.#
#####.. ##.##.#
#.. ..# # ...
...


You could see a wretched star, a smoke demon and a small abomination.

Vanquished Creatures
  A tentacled starspawn (Abyss:2)
  Josephine (D:10)
  Harold (D:9)
  A two-headed ogre (D:8)
  Erica (D:10)
  A wizard (D:8)
  Pikel (D:7)
  An orc sorcerer (D:8)
  Psyche (D:10)
  Grinder (D:3)
  2 raiju (Abyss:2)
  Sigmund (D:2)
  A slime creature (D:7)
  2 shadows
  2 wyverns (D:7)
  4 yaks (D:8)
  6 wraiths
  Eustachio (D:4)
  3 steam dragons
  Menkaure (D:7)
  An acid dragon (D:10)
  6 water moccasins
  An ice beast (D:7)
  A sky beast (D:7)
  15 orc warriors
  2 black bears (D:10)
  12 centaurs
  A lemure (D:7)
  2 kobold brigands
  A gnoll sergeant (D:8)
  8 bullfrogs
  8 wights (D:8)
  10 howler monkeys
  6 hounds
  5 orc priests
  Crazy Yiuf (D:2)
  A gnoll bouda (D:8)
  6 jellies
  5 sleepcaps
  8 orc wizards
  4 iguanas
  16 gnolls
  8 adders
  2 shadow imps
  2 white imps
  3 ufetubi
  A worm (D:2)
  2 dart slugs
  62 orcs
  8 ball pythons
  4 bats
  5 endoplasms
  2 giant cockroaches
  9 goblins
  5 hobgoblins
  3 jackals (D:1)
  3 quokkas
  2 frilled lizards
  16 kobolds
  A rat (D:2)
291 creatures vanquished.

Notes
Turn   | Place    | Note
-------+----------+-------------------------------------------
     0 | D:1      | Babbit the Minotaur Fighter began the quest for the Orb.
     0 | D:1      | Reached XP level 1. HP: 19/19 MP: 0/0
   143 | D:1      | Reached XP level 2. HP: 17/27 MP: 1/1
   160 | D:1      | Reached skill level 3 in Axes
   698 | D:1      | Found Ekaph's Magic Scroll Shop.
   701 | D:1      | Bought a scroll of identify for 20 gold pieces
   701 | D:1      | Bought a scroll of identify for 20 gold pieces
   833 | D:2      | Reached XP level 3. HP: 33/33 MP: 2/2
   869 | D:2      | Got the Essays on Striking and Anthracomancy
  1208 | D:2      | Noticed Sigmund
  1229 | D:2      | Killed Sigmund
  1230 | D:2      | Reached skill level 5 in Axes
  1230 | D:2      | Reached XP level 4. HP: 30/41 MP: 3/3
  1230 | D:2      | Reached XP level 5. HP: 35/47 MP: 4/4
  1359 | D:2      | Found a runed translucent door.
  1360 | D:2      | Noticed Crazy Yiuf
  1367 | D:2      | Killed Crazy Yiuf
  1473 | D:3      | Reached XP level 6. HP: 35/55 MP: 5/5
  1807 | D:3      | Noticed Grinder
  1812 | D:3      | Killed Grinder
  1813 | D:3      | Reached skill level 5 in Fighting
  1813 | D:3      | Reached skill level 6 in Axes
  1813 | D:3      | Reached skill level 5 in Armour
  1813 | D:3      | Reached skill level 5 in Shields
  1815 | D:3      | Reached XP level 7. HP: 61/61 MP: 6/6
  2305 | D:4      | Identified the +1 mace of Symmetry {speed, Will+}
  2496 | D:4      | Noticed Eustachio
  2502 | D:4      | Killed Eustachio
  2610 | D:4      | Reached skill level 7 in Axes
  3046 | D:4      | Found Upicoegi's Magic Scroll Shoppe.
  3213 | D:4      | Bought a scroll of enchant armour for 97 gold pieces
  3213 | D:4      | Bought a scroll of brand weapon for 123 gold pieces
  3266 | D:4      | Reached skill level 1 in Throwing
  3335 | D:5      | Entered Level 5 of the Dungeon
  3362 | D:5      | Found Duaronot's Antique Weapon Emporium.
  3362 | D:5      | Found Goonuaz's Armour Shoppe.
  3404 | D:5      | Found Cahejot's Weapon Emporium.
  3420 | D:5      | Reached XP level 8. HP: 70/70 MP: 7/7
  3431 | D:5      | Found Fegguesa's Antique Weapon Shoppe.
  3472 | D:5      | Found Houl Cuth's General Store.
  3514 | D:5      | Found a staircase to the Ecumenical Temple.
  3522 | Temple   | Entered the Ecumenical Temple
  3566 | Temple   | Became a worshipper of Warmaster Okawaru
  3735 | D:5      | Found a sacrificial altar of Ru.
  3978 | D:6      | Found Umimauro's Antique Weapon Shoppe.
  4051 | D:6      | Reached skill level 1 in Invocations
  4230 | D:6      | Found a hazy altar of Hepliaklqana.
  4231 | D:6      | Found a basalt altar of Yredelemnul.
  4710 | D:6      | Reached * piety under Okawaru
  4711 | D:6      | Reached skill level 8 in Axes
  5183 | D:7      | Noticed Menkaure
  5235 | D:7      | Killed Menkaure
  5500 | D:7      | Noticed Pikel
  5507 | D:7      | Killed Pikel
  5507 | D:7      | Reached ** piety under Okawaru
  5508 | D:7      | Reached XP level 9. HP: 72/78 MP: 10/10
  5606 | D:7      | Found a flagged portal.
  5615 | Bailey   | Entered a bailey
  5633 | Bailey   | Reached skill level 9 in Axes
  5724 | Bailey   | Reached *** piety under Okawaru
  6140 | Bailey   | Received a gift from Okawaru
  6223 | Bailey   | Reached skill level 5 in Throwing
  6518 | Bailey   | Reached **** piety under Okawaru
  6519 | Bailey   | Reached skill level 5 in Invocations
  6519 | Bailey   | Reached XP level 10. HP: 24/86 MP: 12/12
  6727 | Bailey   | Reached skill level 10 in Axes
  6738 | Bailey   | Received a gift from Okawaru
  7227 | D:7      | Found a large runed translucent door.
  7228 | D:7      | Found a large runed translucent door.
  7231 | D:7      | Found a large runed translucent door.
  7231 | D:7      | Found a large runed translucent door.
  7382 | D:7      | Reached ***** piety under Okawaru
  7512 | D:7      | Identified the ring of Tuschoc {rN+ Will+}
  7601 | D:7      | Received a gift from Okawaru
  7610 | D:7      | Reached skill level 11 in Axes
  8119 | D:8      | Noticed a wizard
  8136 | D:8      | Noticed an orc sorcerer
  8138 | D:8      | Killed a wizard
  8153 | D:8      | Killed an orc sorcerer
  8153 | D:8      | Received a gift from Okawaru
  8223 | D:8      | Noticed a two-headed ogre
  8229 | D:8      | Reached XP level 11. HP: 83/95 MP: 8/14
  8231 | D:8      | Killed a two-headed ogre
  8247 | D:8      | Received a gift from Okawaru
  8249 | D:8      | Reached skill level 12 in Axes
  9085 | D:9      | Noticed Harold
  9092 | D:9      | Killed Harold
  9526 | D:9      | Noticed a +0 spear
  9526 | D:9      | Noticed a +0 dagger
  9526 | D:9      | Noticed a +0 dagger
  9526 | D:9      | Noticed a +0 falchion
  9527 | D:9      | Noticed a +0 falchion
  9527 | D:9      | Noticed a +0 short sword
  9527 | D:9      | Noticed a +0 short sword
  9528 | D:9      | Noticed a +0 spear
  9537 | D:9      | Found a hide-covered altar of Uskayaw.
  9706 | D:10     | Entered Level 10 of the Dungeon
  9706 | D:10     | Noticed Psyche
  9711 | D:10     | Killed Psyche
  9770 | D:10     | Found a bloodstained altar of Trog.
  9800 | D:10     | Noticed Erica
  9805 | D:10     | Killed Erica
  9898 | D:10     | Received a gift from Okawaru
  9932 | D:10     | Noticed Josephine
  9949 | D:10     | Killed Josephine
  9965 | D:10     | Reached skill level 13 in Axes
  9986 | D:10     | Reached skill level 10 in Shields
  9999 | D:10     | Found a staircase to the Lair.
 10056 | D:10     | Found Kaic's Armour Boutique.
 10072 | D:10     | Noticed Erolcha
 10343 | D:10     | Found a broken altar of Ashenzari.
 10362 | D:10     | Reached skill level 10 in Armour
 10411 | D:10     | Found a staircase to the Orcish Mines.
 10606 | Abyss:2  | Cast into level 2 of the Abyss (Erolcha)
 10673 | Abyss:2  | Reached skill level 10 in Fighting
 10686 | Abyss:2  | HP: 4/99 [raiju/living lightning (11)]
 10739 | Abyss:2  | Noticed an ancient lich
 10791 | Abyss:2  | Noticed a tentacled starspawn
 10795 | Abyss:2  | Killed a tentacled starspawn
 10795 | Abyss:2  | Received a gift from Okawaru
 10839 | Abyss:2  | Noticed a rakshasa
 10844 | Abyss:2  | Noticed a wretched star
 10850 | Abyss:2  | Collided with a stone wall

Illustrated notes

Levels and vault maps discovered:
D:1:      minmay_arrival_loop, layout_loops_ring, serial_shops,
          nicolae_shop_rolled_up
D:2:      layout_rooms, uniq_crazy_yiuf_cottage, uniq_sigmund
D:3:      layout_loops_ring, st_stairs_6, uniq_grinder
D:4:      layout_basic, serial_shops, shop, uniq_eustachio
D:5:      layout_cave_pools, nicolae_ru_sacrificial_ziggurat,
          minmay_temple_entry_junction_2, serial_shops, shop, shop, shop,
          shop_statue, nicolae_shop_advertising_works
          [nicolae_subvault_shop_adworks]
D:6:      layout_layer_cave, minitemple, serial_shops, shop,
          nicolae_figureground_pulse
D:7:      layout_cave_pods, enter_bailey_8, minmay_hollow_rounded_squares,
          uniq_menkaure, uniq_pikel
D:8:      cheibrodos_wizards_tower, layout_loops_ring, sigmund_army
D:9:      hellmonk_crumbling_castle, layout_loops_cross,
          nicolae_uskayaw_en_pointe, uniq_harold
D:10:     layout_loops_corners, lemuel_coloured_pillars_altar,
          lemuel_doored_altar, due_lair_maze_entry_diamond, serial_shops, shop,
          uniq_psyche, uniq_erolcha, uniq_erica, uniq_josephine
Temple:   nicolae_temple_superstar
Abyss:2:  base: Temple, minivault_23

Skill      XL: |  1  2  3  4  5  6  7  8  9 10 11 |
---------------+----------------------------------+-----
Axes           | 3 5 6 7 8 9 11 13 | 13.5
Shields        | 4 5 6 7 9 10 | 10.2
Fighting       | 4 5 6 7 8 10 | 10.1
Armour         | 4 5 6 7 9 10 | 10.1
Throwing       | 1 4 5 |  5.0
Invocations    | 3 5 6 |  6.8

Action                     |  1- 3 |  4- 6 |  7- 9 | 10-12 || total
---------------------------+-------+-------+-------+-------++-------
  Melee: War axe           |    66 |    31 |   214 |   130 ||   441
         Headbutt          |     9 |     2 |    41 |    51 ||   103
         Broad axe         |       |       |       |   129 ||   129
  Throw: Dart              |       |       |    42 |     4 ||    46
         Throwing net      |       |       |     1 |       ||     1
         Javelin           |       |       |       |    38 ||    38
 Invoke: Finesse           |       |       |       |     1 ||     1
         Heroism           |       |       |       |     1 ||     1
  Evoke: Wand              |       |       |     9 |     8 ||    17
         Tin of tremorston |       |       |       |     2 ||     2
    Use: Scroll            |     5 |       |    16 |    13 ||    34
         Potion            |     1 |     1 |     2 |     3 ||     7
 Armour: Scale mail        |    36 |    10 |     9 |       ||    55
         Plate armour      |       |       |   111 |   108 ||   219
  Dodge: Dodged            |    28 |    15 |    62 |    59 ||   164
         Repelled          |       |       |     3 |     2 ||     5
  Block: Buckler           |    18 |     4 |       |       ||    22
         Kite shield       |       |     5 |   141 |   168 ||   314
